 Dungeon Crawl Stone Soup version 0.30-a0-782-ge64f9170bb (console) character file.

Game seed: 15576557397090194355

21 utis the Covered (level 2, -2/17 HPs)
             Began as a Tengu Wanderer on Mar 17, 2023.
             Succumbed to an orc wizard's poison
             ... on level 2 of the Dungeon.
             The game lasted 00:02:13 (934 turns).

utis the Covered (Tengu Wanderer)                    Turns: 934, Time: 00:02:14

Health: -2/17      AC: 12    Str: 16    XL:     2   Next: 87%
Magic:  6/6        EV:  4    Int: 10    God:
Gold:   25         SH:  0    Dex: 11    Spells: 5/5 levels left

rFire   . . .      SeeInvis .    g - +0 spear
rCold   . . .      Faith    .    b - +0 buckler
rNeg    . . .      Spirit   .    h - +0 plate armour
rPois   .          Reflect  .    (helmet restricted)
rElec   .          Harm     .    (no cloak)
rCorr   .          Rampage  .    (no gloves)
Will    .....                    (boots unavailable) Stlth
                                 (no amulet)
HPRegen 0.22/turn                (no ring)
MPRegen 0.10/turn                (no ring)

@: confused, lethally poisoned (-2 -> -19)
A: beak, talons 3
a: no special abilities


You were on level 2 of the Dungeon.
You visited 1 branch of the dungeon, and saw 2 of its levels.

You collected 25 gold pieces.

Inventory:

Hand Weapons
 a - a +0 club
 g - a +0 spear (weapon)
Missiles
 k - 7 stones (quivered)
Armour
 b - a +0 buckler (worn)
 d - a +0 chain mail
 h - a +0 plate armour (worn)
Magical Staves
 j - a staff of death
Scrolls
 e - a scroll of fog {unknown}
 i - 2 scrolls of identify {unknown}
Potions
 c - a potion of attraction
 f - a potion of brilliance {unknown}


   Skills:
 * Level 2.3 Fighting
 + Level 4.6 Armour
 - Level 1.1 Dodging
 - Level 1.0 Shields
 - Level 2.0 Spellcasting
 - Level 1.1 Necromancy


You had 5 spell levels left.
You didn't know any spells.
Your spell library contained the following spells:

 Spells                   Type           Power      Damage    Failure   Level
 Cigotuvi's Dreadful Rot  Necr/Pois/Air  2%         N/A       100%        2
 Sublimation of Blood     Necr           3%         N/A       100%        2


Dungeon Overview and Level Annotations

Branches:
Dungeon (2/15)

Altars:


Innate Abilities, Weirdness & Mutations

You have a beak for a mouth.
You have claws for feet.


Message History

You are more confused.
Something hits you but does no damage.
An orc wizard comes into view. It is wielding a +0 dagger of venom.
You're too confused to move!
The orc wizard shouts!
Something hits you.
The orc wizard mumbles some strange words.
The orc wizard flickers and vanishes!
An orc comes into view. It is wielding a +0 short sword.
You bump into the rock wall.
The orc shouts!
You hear a shout!
You bump into the rock wall.
You feel less confused. Something hits you but does no damage.
The orc hits you but does no damage.
You closely miss something. Your kick misses something. Something hits you.
You closely miss something. Something hits you but does no damage.
You miss something. Your kick misses something. You block something's attack.
You hit the orc.
The orc is severely wounded.
The orc barely misses you.
You hit the orc.
You kill the orc!
You miss something. Your kick misses something.
Something hits you but does no damage.
You are poisoned.
You hit something but do no damage.
You feel sick.
You hear some strange, mumbled words.
You are confused.
Something hits you but does no damage.
You are lethally poisoned!
You feel very sick.
You closely miss something. Your kick misses something.
You feel very sick.
You bump into the rock wall.
* * * LOW HITPOINT WARNING * * *
You feel sick. The orc hits you with a +0 short sword.
* * * LOW HITPOINT WARNING * * *
Something hits you but does no damage.
You are more poisoned.
You miss something. Your kick misses something.
You die...

░.. ░.░ ░.░ ░.░ ░.░
░.░ ░.░
░░░░░░░░░░░░░░░░.░
░Qo).░.†.........░
░.░░.░.░░░░░░░░░░░
░.░░.░.░ ░.░░.░.░
░.░░.░.░ ░
░.░░o░.░░░░.░░
░.░░.........░░
░░░░░░░.░░..........░
░............░░░.....


You could see an orc.

Vanquished Creatures
  An orc (D:2)
  An endoplasm (D:1)
  6 giant cockroaches
  A goblin (D:1)
  4 hobgoblins
  A ball python (D:2)
  A bat (D:1)
  2 rats
17 creatures vanquished.

Notes
Turn   | Place    | Note
-------+----------+-------------------------------------------
     0 | D:1      | utis the Tengu Wanderer began the quest for the Orb.
     0 | D:1      | utis set off with the following items: a +0 club, a +0
                  | buckler, a potion of attraction, a +0 chain mail; and the
                  | following spells available to memorise: Cigotuvi's Dreadful
                  | Rot, Sublimation of Blood.
     0 | D:1      | Reached XP level 1. HP: 12/12 MP: 4/4
   295 | D:1      | Reached XP level 2. HP: 16/16 MP: 6/6
   934 | D:2      | Succumbed to an orc wizard's poison

Illustrated notes

Levels and vault maps discovered:
D:1:      lemuel_arrival_river_bridge, layout_rooms, serial_bayou_ford_a,
          minmay_worlds_worst_comb
D:2:      layout_loops_ring, basic_altar

Skill      XL: |  1  2 |
---------------+-------+-----
Fighting       | 2 |  2.3
Armour         | |  4.6
Dodging        | |  1.1
Shields        | |  1.0
Spellcasting   | |  2.0
Necromancy     | |  1.1

Action                     || total
---------------------------++-------
  Melee: Spear             ||    40
         Kick              ||     7
         Club              ||     3
         Peck              ||     3
  Throw: Stone             ||     1
 Armour: Plate armour      ||    21
         Chain mail        ||     2
  Dodge: Dodged            ||     3
  Block: Buckler           ||     6

Table legend: (Time is in decaauts)
 A = Elapsed time spent in this place.
 B = Non-inter-level travel time spent in this place.
 C = Inter-level travel time spent in this place.
 D = Time resting spent in this place.
 E = Time spent auto-exploring this place.
 F = Levels seen in this place.
 G = Mean time per level.
                   A        B        C        D        E       F      G
               +--------+--------+--------+--------+--------+-----+--------+
         Total |    946 |    919 |     27 |     20 |    695 |   2 |  473.0 |
       Dungeon |    946 |    919 |     27 |     20 |    695 |   2 |  473.0 |
               +--------+--------+--------+--------+--------+-----+--------+

Top non-repeatable levels by time:
     D:1: 673 daAuts
     D:2: 272 daAuts
